Map: Defender's Landing LE

Players

Namshar

  • Race: Zerg Zerg
  • Spawn Location: 7:00

Zanster - Winner!

  • Race: Zerg Zerg
  • Spawn Location: 1:00

Event: WCS Jonkoping 2017

VOD

Have the link to the VOD?

Description

Time

  • Played on: June 17, 2017, 1:49 p.m.
  • Length: 4:27

All games in this series

Show
View Real Time Build Order
Export as new Build Order

Namshar Zerg 

Build Orders: Pool First 

Get SALT Encoding   

  12  0:00  Drone  
  13  0:12  Overlord  
  13  0:17  Drone  
  14  0:31  Drone x2  
  14  0:34  Drone  
  17  0:44  Spawning Pool  
  17  0:47  Drone  
  17  1:09  Hatchery  
  17  1:10  Drone  
  17  1:15  Extractor  
  17  1:17  Drone  
  17  1:31  Queen, Zergling x2  
  20  1:33  Zergling x2  
  21  1:40  Overlord  
  21  1:49  Drone  
  22  2:00  Drone  
  23  2:06  Queen  
  25  2:16  Drone  
  25  2:21  Queen  
  28  2:30  Zergling x2  
  28  2:33  Drone x3  
  29  2:46  Drone x2  
  29  2:48  Spore Crawler  
  29  2:49  Zergling x4  
  32  2:53  Queen  
  34  3:00  Queen  
  34  3:04  Overlord  
  36  3:07  Overlord  
  36  3:26  Zergling x6  
  39  3:34  Zergling x10  
  37  3:57  Drone  
  37  3:58  Drone x3  
  37  3:59  Drone  
  41  4:04  Baneling Nest  
Show
View Real Time Build Order
Export as new Build Order

Zanster Zerg - Winner!

Build Orders: Pool First 

Get SALT Encoding   

  12  0:01  Drone  
  13  0:13  Overlord  
  13  0:17  Drone  
  14  0:32  Drone x2  
  14  0:35  Drone  
  17  0:46  Drone  
  17  0:47  Extractor  
  17  0:51  Spawning Pool  
  17  0:57  Drone  
  17  1:08  Drone  
  18  1:21  Hatchery  
  17  1:38  Queen  
  17  1:39  Zergling x4  
  21  1:42  Zergling x2  
  22  1:49  Metabolic Boost  
  22  1:56  Overlord  
  22  2:18  Zergling x2  
  22  2:19  Queen  
  22  2:20  Drone  
  26  2:39  Drone  
  26  2:41  Hatchery  
  25  2:46  Zergling x6  
  25  2:50  Zergling x2  
  28  2:51  Zergling x2  
  28  2:54  Zergling x2  
  28  2:58  Zergling x2  
  31  3:01  Zergling x2  
  31  3:04  Zergling x2  
  32  3:08  Zergling x2  
  32  3:12  Overlord  
  33  3:15  Zergling x2  
  34  3:31  Zergling x10  
  38  3:37  Zergling x4  
  40  3:46  Zergling x6  
  38  3:58  Zergling x6  
  40  4:06  Zergling x8  
Tags
 
Add a new tag
Caveats
  • Supply blocks, unpowered buildings, or Contaminate may cause inaccurate times.
  • Supply counts are checked every 10 seconds.